 Dungeon Crawl Stone Soup version 0.29.1-12-g30fa7ad0bf (webtiles) character file.

Game seed: 7428873364167948221

49 DildoBatman the Conjurer (level 4, 0/32 HPs)
             Began as a Formicid Conjurer on Jan 5, 2023.
             Slain by an orc
             ... wielding a +0 hand axe
              (5 damage)
             ... on level 3 of the Dungeon.
             The game lasted 00:03:27 (1571 turns).

DildoBatman the Conjurer (Formicid Conjurer)        Turns: 1571, Time: 00:03:27

Health: 0/32       AC:  2    Str: 12    XL:     4   Next: 2%
Magic:  8/8        EV: 12    Int: 19    God:
Gold:   74         SH:  0    Dex: 12    Spells: 5/8 levels left

rFire   . . .      SeeInvis +   b - +2 dagger (speed)
rCold   . . .      Faith    .   (no shield)
rNeg    . . .      Spirit   .   f - +0 robe
rPois   .          Reflect  .   (helmet unavailable)
rElec   .          Harm     .   (no cloak)
rCorr   .          Rampage  .   (no gloves)
Will    .....                   (no boots)
Stlth   ++........              (no amulet)
HPRegen 0.10/turn               (no ring)
MPRegen 0.11/turn               (no ring)

@: no status effects
A: permanent stasis, dig shafts and tunnels, antennae 3, four strong arms
a: Dig, Shaft Self


You were on level 3 of the Dungeon.
You visited 1 branch of the dungeon, and saw 3 of its levels.

You collected 74 gold pieces.

Inventory:

Hand Weapons
 a - a +1 whip of electrocution
 b - a +2 dagger of speed (weapon)
Missiles
 h - 4 boomerangs
Armour
 f - a +0 robe (worn)
Scrolls
 d - a scroll of identify {unknown}
 e - a scroll of vulnerability {unknown}
 g - a scroll of poison {unknown}
 i - a scroll of brand weapon {unknown}
 m - a scroll of amnesia {unknown}
 n - 2 scrolls of magic mapping {unknown}
Potions
 c - 2 potions of curing {unknown}
 j - a potion of magic
 k - a potion of attraction {unknown}
 l - a potion of mutation {unknown}
 o - a potion of flight {unknown}
 p - a potion of degeneration {unknown}


   Skills:
 * Level 1.4 Fighting
 * Level 1.4 Armour
 - Level 2.0 Dodging
 - Level 2.4 Stealth
 * Level 2.7 Spellcasting
 * Level 3.9 Conjurations


You had 5 spell levels left.
You knew the following spells:

 Your Spells              Type           Power      Damage    Failure   Level
a - Searing Ray           Conj           34%        2d5       4%          2
c - Magic Dart            Conj           68%        1d6       3%          1

Your spell library contained the following spells:

 Spells                   Type           Power      Damage    Failure   Level
 Apportation              Tloc           4%         N/A       16%         1
 Dazzling Flash           Conj/Hex       20%        N/A       22%         3
 Fulminant Prism          Conj/Hex       5%         3d7       56%         4
 Iskenderun's Mystic Bla  Conj/Tloc      10%        2d4       56%         4
 Alistair's Intoxication  Tmut/Pois      1%         N/A       99%         5


Dungeon Overview and Level Annotations

Branches:
Dungeon (3/15)

Altars:

Annotations:
D:2 Jessica


Innate Abilities, Weirdness & Mutations

You cannot be hasted, slowed, berserked, paralysed or teleported.
You can dig through walls and to a lower floor.
You have a pair of large antennae on your head. (SInv)
Your four strong arms can wield two-handed weapons with a shield.


Message History

Orders for allies: a - Attack new target. r - Retreat! s - Stop attacking. g - Guard the area. f - Follow me.
Anything else - Cancel.
You shout for attention!
The endoplasm hits you. The orc hits you with a +0 hand axe.
The orc wizard closely misses you. The orc closely misses you.
What are your orders? t - Shout!
Orders for allies: a - Attack new target. r - Retreat! s - Stop attacking. g - Guard the area. f - Follow me.
Anything else - Cancel.
You shout for attention!
The orc wizard closely misses you. The orc barely misses you. x2
The endoplasm misses you. What are your orders? t - Shout!
Orders for allies: a - Attack new target. r - Retreat! s - Stop attacking. g - Guard the area. f - Follow me.
Anything else - Cancel.
You shout for attention!
The orc hits you but does no damage. The orc wizard closely misses you.
The endoplasm barely misses you. The orc completely misses you.
What are your orders? t - Shout!
Orders for allies: a - Attack new target. r - Retreat! s - Stop attacking. g - Guard the area. f - Follow me.
Anything else - Cancel.
You shout for attention!
The endoplasm completely misses you. The orc hits you with a +0 hand axe.
You die...

..# ...# ...#
...# . ####...#..
#.o.......
#@oJ.[....
#oJ.♣.....
##....♣ ..
#...♣♣.....
#...♣♣..... {
#..........
#.........#
#..########
##.##############


You could see an orc wizard (invisible), 2 orcs and 2 endoplasms.

Vanquished Creatures
  A dart slug (D:2)
  An orc (D:3)
  5 ball pythons
  4 endoplasms
  A giant cockroach (D:1)
  4 hobgoblins (D:2)
  2 jackals (D:1)
  3 kobolds
  2 quokkas (D:1)
  3 bats
  3 frilled lizards (D:1)
  6 goblins
  6 rats
41 creatures vanquished.

Notes
Turn   | Place    | Note
-------+----------+-------------------------------------------
     0 | D:1      | DildoBatman the Formicid Conjurer began the quest for the
                  | Orb.
     0 | D:1      | Reached XP level 1. HP: 13/13 MP: 3/3
   188 | D:1      | Found a faded altar of an unknown god.
   367 | D:1      | Reached XP level 2. HP: 18/20 MP: 5/5
   370 | D:1      | Learned a level 2 spell: Searing Ray
   746 | D:1      | Reached skill level 1 in Fighting
   746 | D:1      | Reached skill level 1 in Armour
   786 | D:1      | Reached XP level 3. HP: 24/26 MP: 3/6
  1151 | D:2      | Noticed Jessica
  1529 | D:2      | You fall into a shaft and drop 1 floor!
  1541 | D:3      | Reached XP level 4. HP: 29/32 MP: 5/8
  1571 | D:3      | Slain by an orc

Illustrated notes

Levels and vault maps discovered:
D:1:      elethiomel_arrival_maze, layout_basic,
          hellmonk_ecumenical_altar_defaced_shrine
D:2:      layout_basic, uniq_jessica
D:3:      layout_basic, serial_shops, shop, chequers_garden

Skill      XL: |  1  2 |
---------------+-------+-----
Dodging        | 2 |  2.0
Fighting       | 1 |  1.4
Armour         | 1 |  1.4
Stealth        | |  2.4
Spellcasting   | |  2.7
Conjurations   | |  3.9

Action                   |  1- 3 |  4- 6 || total
-------------------------+-------+-------++-------
Melee: Whip              |     9 |       ||     9
       Unarmed           |     5 |       ||     5
       Dagger            |    29 |     1 ||    30
 Cast: Magic Dart        |    47 |       ||    47
       Searing Ray       |     2 |       ||     2
 Abil: Shaft Self        |     1 |       ||     1
 Stab: Sleeping          |     2 |       ||     2
Armor: Robe              |     6 |     2 ||     8
Dodge: Dodged            |    25 |    22 ||    47
